 Dungeon Crawl Stone Soup version 0.21-a0-225-g207ae17 (webtiles) character file.

4 MackTheKnife the Covered (level 1, -1/15 HPs)
             Began as a Formicid Wanderer on Aug 28, 2017.
             Slain by a hobgoblin (4 damage)
             ... on level 1 of the Dungeon.
             The game lasted 00:00:45 (366 turns).

MackTheKnife the Covered (Formicid Wanderer)         Turns: 366, Time: 00:00:45

Health: -1/15      AC:  8    Str: 17    XL:     1   Next: 77%
Magic:  2/2        EV:  9    Int:  9    God:
Gold:   79         SH:  0    Dex: 11    Spells: 2/2 levels left

rFire    . . .     SeeInvis +   c - +0 club
rCold    . . .     Gourm    .   (no shield)
rNeg     . . .     Faith    .   a - +2 scale mail
rPois    .         Spirit   .   (helmet unavailable)
rElec    .         Reflect  .   (no cloak)
rCorr    .         Harm     +   (no gloves)
MR       .....                  (no boots)
Stlth    ..........             e - amulet of harm
HPRegen  0.05/turn              (no ring)
MPRegen  0.08/turn              (no ring)

@: no status effects
A: permanent stasis, dig shafts and tunnels, four strong arms, antennae 3
a: Dig, Shaft Self


You were on level 1 of the Dungeon.
You were not hungry.

You visited 1 branch of the dungeon, and saw 1 of its levels.

You collected 79 gold pieces.

Inventory:

Hand Weapons
 c - a +0 club (weapon)
Armour
 a - a +2 scale mail (worn)
Jewellery
 e - an amulet of harm (around neck)
   (You found it on level 1 of the Dungeon)
Scrolls
 b - a scroll of identify {unknown}
 f - 2 scrolls of immolation {!r}
 g - a scroll of magic mapping {unknown}
 h - a scroll of teleportation {unknown}
 j - a scroll of amnesia {unknown}
Comestibles
 d - 2 bread rations {@e1}


   Skills:
 + Level 1.3 Fighting
   Level 2.0 Crossbows
 - Level 3.2 Armour
 - Level 1.2 Stealth
   Level 1.2 Shields
 - Level 1.1 Spellcasting
   Level 2.0 Charms


You had 2 spell levels left.
You didn't know any spells.

Dungeon Overview and Level Annotations

Branches:
Dungeon (1/15)

Altars:


Innate Abilities, Weirdness & Mutations

You cannot be hasted, slowed, berserked, paralysed or teleported.
You can dig through walls and to a lower floor.
Your four strong arms can wield two-handed weapons with a shield.
You have a pair of large antennae on your head. (SInv)


Message History

You open the door.
There is an open door here.
You now have 79 gold pieces (gained 14).
You open the door.
You sense a monster nearby.
There is an open door here.
You open the door.
A bat comes into view.
The bat hits you but does no damage. The bat hits you.
The bat hits you but does no damage.
There is an open door here.
You take 1 damage, and have 14/15 hp.
The bat hits you.
You take 1 damage, and have 13/15 hp.
You closely miss the bat. The bat closely misses you.
The bat hits you but does no damage. The bat hits you but does no damage.
You barely miss the bat. The bat hits you but does no damage.
The bat hits you but does no damage. The bat completely misses you.
You barely miss the bat. The bat hits you but does no damage.
The bat misses you. The bat hits you but does no damage.
The bat hits you but does no damage. The bat closely misses you.
You hit the bat.
You kill the bat!
No target in view!
No target in view!
A bat comes into view.
A bat is nearby!
A bat is nearby!
A bat is nearby!
A hobgoblin comes into view.
The hobgoblin shouts!
The bat hits you but does no damage.
A rat comes into view.
You barely miss the bat. The bat barely misses you. The bat closely misses you.
The bat closely misses you. The bat hits you but does no damage.
The hobgoblin hits you.
You take 3 damage, and have 11/15 hp.
You closely miss the bat. The bat completely misses you.
The bat closely misses you.
The hobgoblin hits you but does no damage.
You hit the bat. The bat closely misses you. The hobgoblin closely misses you.
The rat bites you but does no damage.
You closely miss the hobgoblin. The hobgoblin closely misses you.
The bat hits you but does no damage. The rat bites you but does no damage.
You hit the bat.
You kill the bat!
The hobgoblin hits you but does no damage.
The rat bites you but does no damage. x2
The hobgoblin hits you but does no damage.
You hit the hobgoblin but do no damage. The rat bites you.
The hobgoblin hits you but does no damage.
You take 1 damage, and have 11/15 hp.
You hit the hobgoblin. The rat closely misses you.
The hobgoblin closely misses you.
You hit the hobgoblin but do no damage. The hobgoblin misses you.
The rat bites you. The hobgoblin closely misses you.
The rat closely misses you.
You take 2 damage, and have 9/15 hp.
You are too injured to fight recklessly!
You are too injured to fight recklessly!
You are too injured to fight recklessly!
You are too injured to fight recklessly!
You are too injured to fight recklessly!
You are too injured to fight recklessly!
You are too injured to fight recklessly!
You are too injured to fight recklessly!
You are too injured to fight recklessly!
You are too injured to fight recklessly!
You are too injured to fight recklessly!
You are too injured to fight recklessly!
You are too injured to fight recklessly!
You are too injured to fight recklessly!
You are too injured to fight recklessly!
You are too injured to fight recklessly!
You are too injured to fight recklessly!
You are too injured to fight recklessly!
You are too injured to fight recklessly!
You barely miss the hobgoblin. The rat barely misses you.
The hobgoblin hits you but does no damage.
You barely miss the hobgoblin. The hobgoblin barely misses you.
The rat closely misses you.
You closely miss the hobgoblin. The hobgoblin hits you.
The rat closely misses you. The hobgoblin hits you.
The rat completely misses you.
You take 3 damage, and have 6/15 hp.
You hit the hobgoblin. The rat bites you but does no damage.
The hobgoblin hits you but does no damage.
You hit the hobgoblin but do no damage. The hobgoblin hits you.
The rat bites you but does no damage.
You take 1 damage, and have 5/15 hp.
You hit the hobgoblin. The hobgoblin hits you.
* * * LOW HITPOINT WARNING * * *
The rat bites you but does no damage.
You take 2 damage, and have 3/15 hp.
You closely miss the hobgoblin. The hobgoblin hits you.
You die...

# ###'####.. .
+..[.+. #. #.# #...
## #.######.# # #...
#.....##'### .# #..
#..........# .####.
#..........##+#......
#....................
#
#.............†......
#
#....†...##..@g......
##
#........##...r......
##.
#.......[##$.........
##..
#........##..........
#...
#####....##..........
#...
#########+#######
#... #... #... ##..


You could see a hobgoblin and a rat.

Vanquished Creatures
  A giant cockroach (D:1)
  A hobgoblin (D:1)
  3 bats (D:1)
5 creatures vanquished.

Notes
Turn   | Place    | Note
-------+----------+-------------------------------------------
     0 | D:1      | MackTheKnife the Formicid Wanderer began the quest for the Orb.
     0 | D:1      | MackTheKnife set off with: a +2 scale mail, the Collected Works on Intoxication, a +0 club, a bread ration {@e1}
     0 | D:1      | Reached XP level 1. HP: 13/13 MP: 2/2
    12 | D:1      | Identified the Collected Works on Intoxication
   277 | D:1      | Reached skill level 1 in Fighting
   365 | D:1      | HP: 3/15 [hobgoblin (2)]
   366 | D:1      | Slain by a hobgoblin

Vault maps used:
D:1:      lemuel_arrival_rhombus

Skill      XL: |  1 |
---------------+----+-----
Fighting       | 1 |  1.3
Crossbows      | |  2.0
Armour         | |  3.2
Stealth        | |  1.2
Shields        | |  1.2
Spellcasting   | |  1.1
Charms         | |  2.0

Action                   || total
-------------------------++-------
Melee: Club              ||    30
       Whip              ||     8
  Use: Scroll            ||     2
Armor: Scale mail        ||    42
Dodge: Dodged            ||    36

Table legend:
 A = Spawn XP
 B = Non-spawn XP
 C = Spawn XP percentage of total XP
 D = Spawn monster count
 E = Non-spawn monster count
 F = Spawn count percentage of total count
 G = Total turns spent on level
                    A         B        C        D         E        F      G
               +---------+---------+-------+---------+---------+-------+---------
         Total |       0 |       7 |   0.0 |       0 |       5 |   0.0 |   366
               +---------+---------+-------+---------+---------+-------+---------
           D:1 |       0 |       7 |   0.0 |       0 |       5 |   0.0 |   366
               +---------+---------+-------+---------+---------+-------+---------

Vault maps used:
D:1:      lemuel_arrival_rhombus

Table legend:
 A = Turns spent in this place as a percentage of turns spent in the entire game.
 B = Non-inter-level travel turns spent in this place as a percentage of non-inter-level travel turns spent in the entire game.
 C = Inter-level travel turns spent in this place as a percentage of turns spent in this place.
 D = Turns resting spent in this place as a percentage of non-inter-level travel turns spent in this place.
 E = Turns spent auto-exploring this place as a percentage of non-inter-level travel turns spent in this place.
 F = Non-inter-level travel turns spent in this place divided by the number of levels of this place that you've seen.
                   A       B       C       D       E      F
               +-------+-------+-------+-------+-------+----------------------
         Total | 100.0 | 100.0 |   0.0 |   0.0 |  68.3 | 366.0
       Dungeon | 100.0 | 100.0 |   0.0 |   0.0 |  68.3 | 366.0
               +-------+-------+-------+-------+-------+----------------------

Table legend:
 A = Kills in this place as a percentage of kills in entire the game.
 B = Kills by you in this place as a percentage of kills by you in the entire game.
 C = Kills by friends in this place as a percentage of kills by friends in the entire game.
 D = Other kills in this place as a percentage of other kills in the entire game.
 E = Experience gained in this place as a percentage of experience gained in the entire game.
 F = Experience gained in this place divided by the number of levels of this place that you have seen.
                   A       B       C       D       E      F
               +-------+-------+-------+-------+-------+----------------------
         Total | 100.0 | 100.0 |   N/A |   N/A | 100.0 |   7.0
       Dungeon | 100.0 | 100.0 |   N/A |   N/A | 100.0 |   7.0
               +-------+-------+-------+-------+-------+----------------------
